 Dungeon Crawl Stone Soup version 0.30-a0-49-g1cef19eb02 (webtiles) character file.

Game seed: 9103011104091090503

63 scionoferis the Slasher (level 4, -3/40 HPs)
             Began as a Naga Warper on Sept 2, 2022.
             Slain by a gnoll
             ... wielding a +0 spear
             ... led by a gnoll bouda
              (7 damage)
             ... on level 3 of the Dungeon.
             The game lasted 00:06:07 (1620 turns).

scionoferis the Slasher (Naga Warper)               Turns: 1620, Time: 00:06:08

Health: -3/40      AC:  4    Str: 14    XL:     4   Next: 10%
Magic:  7/7        EV:  9    Int: 13    God:
Gold:   147        SH:  5    Dex: 18    Spells: 5/7 levels left

rFire   . . .      SeeInvis +    a - +1 dagger (speed)
rCold   . . .      Faith    .    (no shield)
rNeg    . . .      Spirit   .    b - +0 leather armour
rPois   +          Reflect  +    q - +2 hat
rElec   .          Harm     .    (no cloak)
rCorr   .          Rampage  .    (no gloves)
Will    .....                    (no barding)
Stlth   +.........               l - amulet of reflection
HPRegen 0.13/turn                j - +6 ring of dexterity
MPRegen 0.10/turn                (no ring)

@: very slow
A: AC +1, large, see invisible, deformed body, poison resistance, slowness 2,
spit poison 1, naga tail 1
a: Spit Poison


You were on level 3 of the Dungeon.
You visited 1 branch of the dungeon, and saw 3 of its levels.

You collected 147 gold pieces.

Inventory:

Hand Weapons
 a - a +1 dagger of speed (weapon)
Missiles
 d - a boomerang of dispersal (quivered)
 m - 2 javelins
Armour
 b - a +0 leather armour (worn)
 q - a +2 hat (worn)
Jewellery
 j - a +6 ring of dexterity (left hand)
 l - an amulet of reflection (around neck)
Wands
 n - a wand of digging (3)
Scrolls
 e - a scroll of enchant armour {unknown}
 f - a scroll of fog {unknown}
 g - 2 scrolls of noise {unknown}
 h - a scroll of enchant weapon {unknown}
 i - 3 scrolls of identify {unknown}
 k - a scroll of amnesia {unknown}


   Skills:
 + Level 2.9 Fighting
 * Level 3.6 Long Blades
 - Level 0.8 Throwing
 - Level 0.7 Armour
 - Level 1.5 Dodging
 - Level 2.0 Spellcasting
 - Level 3.0 Translocations


You had 5 spell levels left.
You knew the following spells:

 Your Spells              Type           Power      Damage    Failure   Level
a - Blink                 Tloc           18%        N/A       14%         2

Your spell library contained the following spells:

 Spells                   Type           Power      Damage    Failure   Level
 Gell's Gravitas          Tloc           9%         N/A       28%         3
 Lesser Beckoning         Tloc           9%         N/A       28%         3
 Teleport Other           Tloc           9%         N/A       28%         3
 Manifold Assault         Tloc           9%         N/A       95%         5


Dungeon Overview and Level Annotations

Branches:
Dungeon (3/15)

Altars:

Shops:
D:2 *


Innate Abilities, Weirdness & Mutations

Your serpentine skin is tough. (AC +1)
You have supernaturally acute eyesight. (SInv)
Armour fits poorly on your strangely shaped body.
Your system is resistant to poisons. (rPois)
You cover ground very slowly.
You can spit poison.
You have a snake-like lower body.


Message History

Unknown command.
Throw: 7 boomerangs (disperse)
Press: ? - help, Q - select action, (/) - cycle Shift-Dir - straight line, f/p - gnoll
Aim: a gnoll, wielding a +0 spear (65% to hit)
You throw a boomerang of dispersal.
The boomerang of dispersal hits the gnoll.
The gnoll blinks!
The gnoll is lightly wounded.
Throw: 6 boomerangs (disperse)
Press: ? - help, Q - select action, (/) - cycle Shift-Dir - straight line, f/p - gnoll
Aim: a gnoll, wielding a +0 spear (lightly wounded, 65% to hit)
You throw a boomerang of dispersal.
The boomerang of dispersal completely misses the gnoll.
Throw: 5 boomerangs (disperse)
Press: ? - help, Q - select action, (/) - cycle Shift-Dir - straight line, f/p - gnoll
Aim: a gnoll, wielding a +0 spear (65% to hit)
You throw a boomerang of dispersal.
The boomerang of dispersal closely misses the gnoll.
Throw: 4 boomerangs (disperse)
Press: ? - help, Q - select action, (/) - cycle Shift-Dir - straight line, f/p - gnoll
Aim: a gnoll, wielding a +0 spear (65% to hit)
You throw a boomerang of dispersal.
The boomerang of dispersal hits the gnoll but does no damage.
You have got your breath back.
The gnoll is no longer moving quickly.
The gnoll bouda barks out a call to the hunt!
The gnoll picks up the pace!
Throw: 3 boomerangs (disperse)
Press: ? - help, Q - select action, (/) - cycle Shift-Dir - straight line, f/p - gnoll
Aim: a gnoll, wielding a +0 spear (65% to hit)
You throw a boomerang of dispersal.
The boomerang of dispersal closely misses the gnoll.
The gnoll hits you but does no damage.
Throw: 2 boomerangs (disperse)
Press: ? - help, Q - select action, (/) - cycle Shift-Dir - straight line, f/p - gnoll
Aim: a gnoll, wielding a +0 spear (65% to hit)
You throw a boomerang of dispersal.
The boomerang of dispersal closely misses the gnoll.
The gnoll hits you from afar with a +0 spear!
You die...

.#### #.# #.# .....
.#.# #g#
............# #g#
..........#.# #°#
..........#.# #.#
##.####.# #$# #.#
.... ... ..# #.#
#..##g###########°#
#..#.###......g.@.#
#...##...##########
#..#g#.#....###
..>##gg....$...
...###.#.#..###
##.###.gg.....#
#......#.#.#.##g#
#(.......g#...g.#
#......#.#.#.#


You could see a gnoll bouda and 2 gnolls.

Vanquished Creatures
  2 adders (D:2)
  A worm (D:2)
  A dart slug (D:2)
  3 ball pythons
  An endoplasm (D:2)
  6 goblins
  3 hobgoblins
  6 jackals (D:2)
  2 quokkas (D:2)
  5 bats
  A frilled lizard (D:1)
  2 kobolds (D:2)
  3 rats (D:1)
36 creatures vanquished.

Notes
Turn   | Place    | Note
-------+----------+-------------------------------------------
     0 | D:1      | scionoferis the Naga Warper began the quest for the Orb.
     0 | D:1      | Reached XP level 1. HP: 19/19 MP: 3/3
   178 | D:1      | Reached XP level 2. HP: 26/26 MP: 5/5
   181 | D:1      | Learned a level 2 spell: Blink
   561 | D:1      | Found a faded altar of an unknown god.
   705 | D:2      | Reached XP level 3. HP: 33/33 MP: 6/6
  1202 | D:2      | Found Jiqiwey's General Store.
  1367 | D:2      | Reached XP level 4. HP: 40/40 MP: 7/7
  1620 | D:3      | Slain by a gnoll

Illustrated notes

Levels and vault maps discovered:
D:1:      sevenhm_arrival_forest_fort_small_1, layout_rooms,
          hellmonk_ecumenical_altar_leap_of_faith
D:2:      layout_loops_cross, serial_shops, shop
D:3:      layout_basic, hangedman_decor_riveting, grunt_decor_fettered

Skill      XL: |  1  2 |
---------------+-------+-----
Long Blades    | 3 |  3.6
Fighting       | |  2.9
Throwing       | |  0.8
Armour         | |  0.7
Dodging        | |  1.5
Spellcasting   | |  2.0
Translocations | |  3.0

Action                   |  1- 3 |  4- 6 || total
-------------------------+-------+-------++-------
Melee: Dagger            |    84 |    36 ||   120
       Falchion          |     4 |       ||     4
Throw: Boomerang         |       |     6 ||     6
 Abil: Spit Poison       |    20 |     4 ||    24
Evoke: Wand              |       |     2 ||     2
  Use: Scroll            |       |     2 ||     2
       Potion            |       |     2 ||     2
 Stab: Sleeping          |     3 |       ||     3
Armor: Leather armour    |    21 |     6 ||    27
Dodge: Dodged            |    46 |    13 ||    59
Block: Other             |     5 |     4 ||     9
       Reflection        |     1 |       ||     1

Table legend: (Time is in decaauts)
 A = Elapsed time spent in this place.
 B = Non-inter-level travel time spent in this place.
 C = Inter-level travel time spent in this place.
 D = Time resting spent in this place.
 E = Time spent auto-exploring this place.
 F = Levels seen in this place.
 G = Mean time per level.
                   A        B        C        D        E       F      G
               +--------+--------+--------+--------+--------+-----+--------+
         Total |   2033 |   1983 |     50 |    102 |   1490 |   3 |  677.7 |
       Dungeon |   2033 |   1983 |     50 |    102 |   1490 |   3 |  677.7 |
               +--------+--------+--------+--------+--------+-----+--------+

Top non-repeatable levels by time:
     D:2: 1006 daAuts
     D:1: 863 daAuts
     D:3: 164 daAuts
